AoeStats
← TheQuietRiot

Arabia

506699331Analyzed
1v1 RM · 18d ago on Sep 14, 2026· 30m 7s· 2 players
Game mode
Random Map
Map size
Tiny (2 player)
Population
200
Speed
Normal
Resources
Standard
Victory
Conquest
Starting age
Dark Age
Ending age
Imperial Age
RankedLock teamsTeams togetherTeam positionsShared explorationLock speedFull tech treeHidden civsTurbo modeCheats
Victory
Defeat
🇫🇷 Maya · France
991
+17
🇬🇧 Teutons · United Kingdom
1003
-17
iZeeKs
7:48 Loom
10:17 Feudal Age
11:40 Double-Bit Axe
16:26 Fletching
17:59 Horse Collar
21:57 Castle Age
20:13 Padded Archer Armor
22:02 Gold Mining
22:02 Crossbowman
23:04 Thumb Ring
24:10 Bodkin Arrow
24:31 Leather Archer Armor
24:39 Bow Saw
27:42 Town Watch
28:33 Wheelbarrow
29:31 Town Patrol
TheQuietRiot
11:52 Feudal Age
11:30 Loom
13:54 Double-Bit Axe
18:45 Castle Age
20:32 Forging
21:53 Scale Barding Armor
24:27 Wheelbarrow
24:15 Bow Saw
26:55 Elite Skirmisher
29:18 Fletching
Connection lost

Rejoining the realm…

Still unreachable

The connection could not be restored.

Session expired

The server has moved on; the page needs a fresh start.